 Dungeon Crawl Stone Soup version 0.10.2-40-g36e0077 character file.

181 vywern the Ruinous (level 4, -18/27 HPs)
             Began as an Octopode Conjurer on July 27, 2012.
             Killed from afar by 9uMaH's ghost (19 damage)
             ... with a puff of flame
             ... on Level 4 of the Dungeon on July 28, 2012.
             The game lasted 00:27:34 (2979 turns).

vywern the Ruinous (Octopode Conjurer)              Turns: 2979, Time: 00:27:35

HP -18/27        AC  1     Str  7      XL: 4   Next: 95%
MP   2/8         EV 12     Int 18      God:
Gold 68          SH  0     Dex 12      Spells:  3 memorised,  1 level left

Res.Fire  : x . .   See Invis. : .   d - +2,+1 elf short sword
Res.Cold  : + . .   Warding    : . . (no shield)
Life Prot.: + . .   Conserve   : .   (helmet restricted)
Res.Acid. : . . .   Res.Corr.  : .   (no amulet)
Res.Poison: +       Clarity    : .   l - ring of regeneration
Res.Elec. : .       Spirit.Shd : .   o - ring of poison resistance
Sust.Abil.: . .     Stasis     : .   q - ring of life protection
Res.Mut.  : .       Ctrl.Telep.: .   s - ring of ice
Res.Rott. : .       Levitation : .   u - ring of protection from magic {unknown}
Saprovore : . . .   Ctrl.Flight: .   (no ring)
                                     (no ring)
                                     (no ring)

@: liquid flames, very slightly contaminated, glowing, somewhat resistant to
hostile enchantments, unstealthy
A: almost no armour, amphibious, constrict 8, camouflage 1, tentacles 3, AC +1
a: no special abilities


You were on level 4 of the Dungeon.
You were hungry.

You visited 1 branch of the dungeon, and saw 4 of its levels.

You collected 48 gold pieces.

Inventory:

Hand weapons
 d - a +2,+1 elven short sword (weapon)
 k - a +0,+0 falchion
Armour
 e - a +0 robe
Comestibles
 a - a pear
 b - 2 bread rations
 f - 2 rotting chunks of jackal flesh
 g - 14 strawberries
 i - a chunk of giant newt flesh
 r - a rotting chunk of adder flesh
 t - 2 rotting chunks of jackal flesh
Scrolls
 h - 2 scrolls of detect curse
 m - 2 scrolls of blinking
Jewellery
 l - a ring of regeneration (on tentacle)
 o - a ring of poison resistance (on tentacle)
 q - a ring of life protection (on tentacle)
 s - a ring of ice (on tentacle)
 u - a ring of protection from magic (on tentacle) {unknown}
Potions
 n - a potion of heal wounds
Books
 c - a book of Conjurations

   Spells                             Type                      Level
   *Magic Dart                        Conjuration                  1
   *Throw Frost                       Conjuration/Ice              2
   *Mephitic Cloud                    Conjuration/Poison/Air       3
   Lightning Bolt                     Conjuration/Air              5
   Bolt of Cold                       Conjuration/Ice              6
   Freezing Cloud                     Conjuration/Ice/Air          6


   Skills:
 + Level 0,4 Short Blades
 + Level 2,7 Dodging
 + Level 4,0 Stealth
 + Level 1,4 Stabbing
 + Level 0,5 Traps & Doors
 + Level 2,4 Spellcasting
 + Level 5,1 Conjurations
 + Level 0,3 Air Magic


You had one spell level left.
You knew the following spells:

 Your Spells              Type           Power        Failure   Level  Hunger
a - Magic Dart            Conj           ####.        1%          1    Sultana
b - Throw Frost           Ice/Conj       ####...      12%         2    Choko
c - Mephitic Cloud        Pois/Air/Conj  ##.......    30%         3    Choko

Dungeon Overview and Level Annotations

Branches:
Dungeon (4/27)
 Temple: D:4-7

Altars:
Elyvilon
Kikubaaqudgha
Okawaru

Annotations
D:4 9uMaH's ghost, average DEFE


Innate Abilities, Weirdness & Mutations

You cannot wear most types of armour.
You can wear up to eight rings at the same time.
You are amphibious.
You can use your tentacles to constrict many enemies at once.
Your rubbery body absorbs attacks (AC +1).
Your skin changes colour to match your surroundings (Stlth).
You have a mass of large tentacles instead of arms.


Message History

You miscast Mephitic Cloud.
You are very lightly contaminated with residual magic.
You feel weak for a moment.
Casting: Mephitic Cloud
Confirm with . or Enter, or press ? or * to list all spells.
Aiming: Magic Dart
Press: ? - help, Shift-Dir - straight line, f/p - 9uMaH's ghost
Aim: 9uMaH's ghost (heavily damaged)
The magic dart hits 9uMaH's ghost. 9uMaH's ghost is heavily damaged. 9uMaH's ghost points at you and mumbles some strange words.
The sticky flame hits you! The fire burns you terribly!
You are covered in liquid flames!
Ouch! That really hurt!
You are covered in liquid flames!
* * * LOW HITPOINT WARNING * * *
9uMaH's ghost points at you and mumbles some strange words.
The puff of flame hits you! The fire burns you terribly!
Ouch! That really hurt!
You die...

###
#.##########
#..........#
#)########@#
#.# #.# #.#
#p#... #.#
#.#.... #.#
##.#.... #.#
#....... #.#
#..... #.#
#...#
#.#######...#


You could see 9uMaH's ghost.

Vanquished Creatures
  2 adders
  A giant mite (D:3)
  3 worms
  A giant gecko (D:1)
  3 orcs (D:3)
  5 bats
  4 giant cockroaches
  10 hobgoblins
  2 jackals (D:3)
  8 kobolds
  2 quokkas (D:3)
  4 ball pythons
  6 giant newts
  8 goblins
  An orc skeleton (D:3)
  5 rats
  A butterfly (D:3)
66 creatures vanquished.

Vanquished Creatures (others)
  A human (D:2)
  2 giant newts (D:1)
  3 toadstools
6 creatures vanquished.

Grand Total: 72 creatures vanquished

Notes
Turn   | Place    | Note
--------------------------------------------------------------
     0 | D:1      | vywern, the Octopode Conjurer, began the quest for the Orb.
     0 | D:1      | Reached XP level 1. HP: 11/11 MP: 3/3
   461 | D:1      | Reached XP level 2. HP: 6/17 MP: 4/4
   684 | D:1      | Learned a level 2 spell: Throw Frost
  1237 | D:2      | Reached XP level 3. HP: 21/21 MP: 1/6
  1527 | D:2      | Found an ancient bone altar of Kikubaaqudgha.
  1530 | D:2      | Noticed a human zombie
  1652 | D:2      | Learned a level 3 spell: Mephitic Cloud
  2019 | D:3      | Reached XP level 4. HP: 24/27 MP: 6/8
  2048 | D:3      | Reached skill level 1 in Stabbing
  2053 | D:3      | Reached skill level 5 in Conjurations
  2104 | D:3      | Found a white marble altar of Elyvilon.
  2552 | D:3      | Found an iron altar of Okawaru.
  2971 | D:4      | Noticed 9uMaH's ghost (average DEFE)
  2979 | D:4      | HP: 1/27 [burnt (6)]
  2979 | D:4      | Killed from afar by 9uMaH's ghost
